 Dungeon Sprint DCSS version 0.26-a0-660-gc07710193c (webtiles) character file.

Game seed: 13680532346766972867

15523 sahdkjhfkaj the Imperceptible (level 12, -6/51 HPs)
             Began as a Spriggan Enchanter on Oct 6, 2020.
             Was the Champion of Dithmenos.
             Killed from afar by a fire giant (28 damage)
             ... with a bolt of fire
             ... in the Dungeon (Sprint I: "Red Sonja").
             The game lasted 00:05:50 (4154 turns).

sahdkjhfkaj the Imperceptible (Spriggan Enchanter)  Turns: 4154, Time: 00:05:51

Health: -6/51      AC:  2    Str:  4    XL:     12   Next: 2%
Magic:  27/31      EV: 18    Int: 18    God:    Dithmenos [******]
Gold:   2230       SH:  0    Dex: 20    Spells: 31/39 levels left

rFire    . . .     SeeInvis +   k - +1 dagger (venom)
rCold    . . .     Faith    .   (shield restricted)
rNeg     . . .     Spirit   .   b - +0 robe
rPois    .         Reflect  .   (helmet restricted)
rElec    .         Harm     .   (no cloak)
rCorr    .         Rampage  .   (gloves unavailable)
MR       ++...     NoTele   +   (boots unavailable)
Stlth    ++++++++++             (no amulet)
HPRegen  0.17/turn              (no ring)
MPRegen  0.22/turn              (no ring)

@: confusing touch, wreathed by umbra, very quick
A: very small, unfitting armour, see invisible, speed 3
a: Shadow Step, Shadow Form, Renounce Religion


You were in the Dungeon.
You worshipped Dithmenos.
Dithmenos was exalted by your worship.
You visited 1 branch You collected 2510 gold pieces.
You spent 280 gold pieces at shops.

Inventory:

Hand Weapons
 k - a +1 dagger of venom (weapon)
Armour
 b - a +0 robe (worn)
Scrolls
 a - a scroll of amnesia {unknown}
 h - a scroll of remove curse {unknown}
 i - a scroll of blinking
 j - a scroll of fog {unknown}
Potions
 c - a potion of degeneration {unknown}
 d - 4 potions of curing
 f - 2 potions of haste
 g - 2 potions of magic


   Skills:
 + Level 12.8 Short Blades
 - Level 3.0 Dodging
 * Level 26.4 Stealth
 + Level 14.0 Spellcasting
 * Level 18.9 Hexes
 + Level 2.1 Invocations


You had 31 spell levels left.
You knew the following spells:

 Your Spells              Type           Power        Failure   Level
a - Corona                Hex            ######.      0%          1
b - Ensorcelled Hibernat  Hex/Ice        #####.       1%          2
c - Confusing Touch       Hex            ######..     0%          3
d - Blink                 Tloc           N/A          8%          2

Your spell library contained the following spells:

 Spells                   Type           Power        Failure   Level
 Slow                     Hex            ######..     0%          2
 Tukima's Dance           Hex            ######..     0%          3
 Dazzling Flash           Conj/Hex       #####.       1%          3
 Magic Dart               Conj           ##..         5%          1
 Call Imp                 Summ           ##......     8%          2
 Conjure Flame            Conj/Fire      ##......     16%         3
 Mephitic Cloud           Conj/Pois/Air  ##......     16%         3


Dungeon Overview and Level Annotations

Branches:
Dungeon (1/1)

Altars:
Cheibriados
Dithmenos
Elyvilon
Fedhas
Gozag
Hepliaklqana
Kikubaaqudgha
Makhleb
Nemelex Xobeh
Okawaru
Qazlal
Ru
Sif Muna
Trog
Uskayaw
Vehumet
Wu Jian
Xom
Yredelemnul
Zin
The Shining One
Jiyva
Lugonu

Shops:
D **?!?[?*((=([}:[?


Innate Abilities, Weirdness & Mutations

You are very small and have problems with some larger weapons.
You are too small for most types of armour.
You have supernaturally acute eyesight. (SInv)
You cover ground extremely quickly.


Message History

Press: ? - help, v - describe, . - travel, g - get item
Here: a fire giant, wielding a +1 great sword of flaming (chance to confuse on hit: 30%, umbra) Item here: a robe.
The floor.
Unknown command.
The fire giant casts a spell at you. The bolt of fire hits you!!!
Ouch! That really hurt!
* * * LOW HITPOINT WARNING * * *
You emit a cloud of dark smoke.
You see here 9 bolts.
Unknown command.
You feel much better. The fire giant barely misses you.
You hit the fire giant but do no damage.
You hit the fire giant but do no damage.
Your shadow barely misses the fire giant.
The fire giant casts a spell at you. The bolt of fire hits you!!
Ouch! That really hurt!
You die...

#.).###########§# ###.#
##.###.......##.# #.#
.#'#.#........§§# #.#
.....#'''######§# ####'#
.)[:.#....§§§.#§##### ###....#
######.....§.#'§#...#####...####
#..[.......§§####§§.......###
#[.(.......≈§##§§§§...#####
##.......≈≈§###C@§§..##
###..≈≈≈≈### #§§§§.##
###'######'####.....#
#∩∩########∩∩########
##∩∩∩∩∩∩∩∩∩∩###≈≈≈≈≈≈≈
############ ######### #..0..+
#######


You could see a fire giant.

Vanquished Creatures
  2 fire giants (D)
  A hydra (D)
  2 centaur warriors (D)
  Sonja (D)
  7 unseen horrors (D)
  A deep troll (D)
  A lindwurm (D)
  An oklob plant (D)
  4 demonic crawlers (D)
  2 kobold demonologists (D)
  A hornet (D)
  A slime creature (D)
  Sigmund (D)
  2 redbacks (D)
  A yak (D)
  13 hogs (D)
  3 floating eyes (D)
  An ogre (D)
  7 necrophages (D)
  8 jellies (D)
  Ijyb (D)
61 creatures vanquished.

Vanquished Creatures (others)
  A merfolk siren (D)
  A gargoyle (D)
  4 hornets (D)
  2 ballistomycete spores (D)
8 creatures vanquished.

Grand Total: 69 creatures vanquished

Notes
Turn   | Place    | Note
-------+----------+-------------------------------------------
     0 | D        | sahdkjhfkaj the Spriggan Enchanter began the quest for the
                  | Orb.
     0 | D        | Reached XP level 1. HP: 9/9 MP: 5/5
     1 | D        | Noticed Ijyb
    21 | D        | Killed Ijyb
    21 | D        | Reached skill level 10 in Stealth
    21 | D        | Reached XP level 2. HP: 5/13 MP: 6/6
   247 | D        | Learned a level 2 spell: Ensorcelled Hibernation
   249 | D        | Noticed an ogre
   252 | D        | Killed an ogre
   252 | D        | Reached skill level 14 in Stealth
   252 | D        | Reached XP level 3. HP: 16/16 MP: 8/8
   252 | D        | Reached XP level 4. HP: 21/21 MP: 9/9
   261 | D        | Noticed Sigmund
   264 | D        | Killed Sigmund
   264 | D        | Reached skill level 18 in Stealth
   264 | D        | Reached XP level 5. HP: 24/24 MP: 10/10
   264 | D        | Reached XP level 6. HP: 28/28 MP: 11/11
   277 | D        | Found an ornate altar of the Wu Jian Council.
   277 | D        | Found a shimmering blue altar of Sif Muna.
   279 | D        | Found a radiant altar of Vehumet.
   306 | D        | Found Garid's General Store.
   306 | D        | Found an ancient bone altar of Kikubaaqudgha.
   306 | D        | Found a hazy altar of Hepliaklqana.
   306 | D        | Found a stormy altar of Qazlal.
   306 | D        | Found a hide-covered altar of Uskayaw.
   306 | D        | Found a blossoming altar of Fedhas.
   306 | D        | Found a bloodstained altar of Trog.
   306 | D        | Found an iron altar of Okawaru.
   306 | D        | Found a basalt altar of Yredelemnul.
   306 | D        | Found a glowing golden altar of the Shining One.
   306 | D        | Found a snail-covered altar of Cheibriados.
   306 | D        | Found a sacrificial altar of Ru.
   306 | D        | Found a glowing silver altar of Zin.
   306 | D        | Found a shadowy altar of Dithmenos.
   306 | D        | Found a white marble altar of Elyvilon.
   306 | D        | Noticed a yak
   307 | D        | Found an opulent altar of Gozag.
   308 | D        | Killed a yak
   309 | D        | Found a sparkling altar of Nemelex Xobeh.
   315 | D        | Became a worshipper of Dithmenos the Shadowed
   346 | D        | Noticed Sonja
   350 | D        | Killed Sonja
   350 | D        | Reached skill level 19 in Stealth
   350 | D        | Reached skill level 10 in Hexes
   350 | D        | Reached XP level 7. HP: 32/32 MP: 14/18
   350 | D        | Reached XP level 8. HP: 36/36 MP: 14/19
   370 | D        | Found Jeck's Assorted Antiques.
   390 | D        | Noticed a deep troll
   396 | D        | Killed a deep troll
   425 | D        | Found Atumuek's Armour Emporium.
   630 | D        | Found a burning altar of Makhleb.
   630 | D        | Found a viscous altar of Jiyva.
   630 | D        | Found a shimmering altar of Xom.
   630 | D        | Found a corrupted altar of Lugonu.
   630 | D        | Noticed a slime creature
   633 | D        | Killed a slime creature
   633 | D        | Reached * piety under Dithmenos
   633 | D        | Reached skill level 20 in Stealth
   646 | D        | Noticed a kobold demonologist
   647 | D        | Noticed a kobold demonologist
   650 | D        | Killed a kobold demonologist
   650 | D        | Reached XP level 9. HP: 39/39 MP: 21/23
   652 | D        | Killed a kobold demonologist
   652 | D        | Reached ** piety under Dithmenos
   657 | D        | Learned a level 3 spell: Confusing Touch
   686 | D        | Noticed a centaur warrior
   686 | D        | Noticed a centaur warrior
   689 | D        | Killed a centaur warrior
   689 | D        | Reached skill level 21 in Stealth
   690 | D        | Killed a centaur warrior
   690 | D        | Reached skill level 22 in Stealth
   690 | D        | Reached skill level 10 in Spellcasting
   718 | D        | Noticed an oklob plant
   720 | D        | Killed an oklob plant
   720 | D        | Reached *** piety under Dithmenos
   720 | D        | Reached XP level 10. HP: 44/44 MP: 25/25
   753 | D        | Noticed an unseen horror
   754 | D        | Noticed an unseen horror
   760 | D        | Killed an unseen horror
   760 | D        | Reached skill level 10 in Short Blades
   760 | D        | Reached skill level 15 in Hexes
   762 | D        | Killed an unseen horror
   762 | D        | Reached **** piety under Dithmenos
   762 | D        | Reached skill level 23 in Stealth
   773 | D        | Reached ***** piety under Dithmenos
   899 | D        | Reached ****** piety under Dithmenos
  1401 | D        | Found Rogoik's Distillery.
  1401 | D        | Found Isaqasad's Magic Scroll Shop.
  1401 | D        | Found Vufolaf's Magic Scroll Boutique.
  1404 | D        | Found Tauc Qaty's Armour Emporium.
  1404 | D        | Found Puezica's Magic Scroll Shop.
  1404 | D        | Found Xorri's General Store.
  1404 | D        | Found Ehamyffa's Weapon Boutique.
  1404 | D        | Found Samubid's Antique Weapon Emporium.
  1404 | D        | Found Zimpugi's Jewellery Shop.
  1404 | D        | Found Viczin's Weapon Shoppe.
  1405 | D        | Found Lizi's Armour Boutique.
  1406 | D        | Found Fekaoply's Book Emporium.
  1406 | D        | Found Sociunne's Gadget Boutique.
  1407 | D        | Found Oruaclo's Magic Scroll Emporium.
  1414 | D        | Bought a book of Minor Magic for 280 gold pieces
  1417 | D        | Learned a level 2 spell: Blink
  1570 | D        | Killed a gargoyle
  1893 | D        | Reached skill level 24 in Stealth
  2060 | D        | Noticed a lindwurm
  2062 | D        | Killed a lindwurm
  2062 | D        | Reached XP level 11. HP: 47/47 MP: 28/28
  2322 | D        | Noticed a 12-headed hydra
  2324 | D        | Killed a 12-headed hydra
  2324 | D        | Reached skill level 25 in Stealth
  2337 | D        | Noticed a daeva
  2341 | D        | Noticed an unseen horror
  2341 | D        | Noticed an unseen horror
  2341 | D        | Noticed an unseen horror
  2341 | D        | Noticed an unseen horror
  2343 | D        | Killed an unseen horror
  2344 | D        | Noticed an unseen horror
  2345 | D        | Killed an unseen horror
  2346 | D        | Killed an unseen horror
  2348 | D        | Killed an unseen horror
  2350 | D        | Killed an unseen horror
  2454 | D        | Noticed a fire giant
  2457 | D        | Noticed a fire giant
  2458 | D        | Noticed a fire giant
  2578 | D        | Killed a fire giant
  2578 | D        | Reached skill level 26 in Stealth
  4141 | D        | Noticed a fire giant
  4148 | D        | Killed a fire giant
  4148 | D        | Reached XP level 12. HP: 51/51 MP: 29/31
  4151 | D        | HP: 2/51 [fire giant/bolt of fire (49)]
  4154 | D        | Killed from afar by a fire giant

Illustrated notes

Levels and vault maps discovered:
D:        dungeon_sprint_1 [red_sonja_temple_1, red_sonja_temple_small_1]

Skill      XL: |  1  2  3  4  5  6  7  8  9 10 11 |
---------------+----------------------------------+-----
Stealth        | 10 14 18 19 20 22 24 26 | 26.4
Spellcasting   | 7 9 10 12 14 | 14.0
Hexes          | 10 12 14 16 18 | 18.9
Short Blades   | 6 7 9 11 12 | 12.8
Invocations    | 2 |  2.1
Dodging        | |  3.0

Action                   |  1- 3 |  4- 6 |  7- 9 | 10-12 || total
-------------------------+-------+-------+-------+-------++-------
Melee: Dagger            |    19 |     4 |     9 |    92 ||   124
 Cast: Ensorcelled Hiber |       |       |     1 |    13 ||    14
       Confusing Touch   |       |       |       |    11 ||    11
  Use: Potion            |     1 |       |       |     2 ||     3
 Stab: Sleeping          |     1 |     4 |     9 |    36 ||    50
       Confused          |       |       |       |     9 ||     9
       Distracted        |       |       |       |     1 ||     1
Armor: Robe              |     1 |       |       |     1 ||     2
Dodge: Dodged            |     2 |       |       |    30 ||    32

Table legend: (Time is in decaauts)
 A = Elapsed time spent in this place.
 B = Non-inter-level travel time spent in this place.
 C = Inter-level travel time spent in this place.
 D = Time resting spent in this place.
 E = Time spent auto-exploring this place.
 F = Levels seen in this place.
 G = Mean time per level.
                   A        B        C        D        E       F      G
               +--------+--------+--------+--------+--------+-----+--------+
         Total |   3864 |   3803 |     61 |   3262 |     11 |   1 | 3864.0 |
       Dungeon |   3864 |   3803 |     61 |   3262 |     11 |   1 | 3864.0 |
               +--------+--------+--------+--------+--------+-----+--------+

Top non-repeatable levels by time:
       D: 3864 daAuts
